 Dungeon Crawl Stone Soup version 0.19-a0-1260-gc94d3f7 (webtiles) character file.

212529 PurpleRed the Sorcerer (level 18, -3/96 HPs)
             Began as a Deep Elf Conjurer on Aug 28, 2016.
             Was the Champion of Vehumet.
             Shot with an arrow by a satyr (20 damage)
             ... on level 3 of the Shoals.
             The game lasted 03:38:48 (12110 turns).

PurpleRed the Sorcerer (Deep Elf Conjurer)         Turns: 12110, Time: 03:38:49

Health: -3/96      AC: 13    Str: 14    XL:     18   Next: 24%
Magic:  70/73      EV: 15    Int: 34    God:    Vehumet [******]
Gold:   381        SH:  5    Dex: 13    Spells: 15 memorised, 8 levels left

rFire  + + .     SeeInvis +     b - staff of fire
rCold  + . .     Gourm    .     A - +3 leather armour {rC+}
rNeg   + . .     Faith    .     R - +0 buckler
rPois  +         Spirit   .     G - +3 hat of Pondering {ponderous, MR+ MP+10 Int+5}
rElec  .         Dismiss  .     I - +2 cloak of the Moon {MP+9 SInv}
rCorr  .         Reflect  .     p - -2 pair of gloves of Tempters {rPois Regen+ Str+5 Dex-2}
MR     +++++     Harm     .     O - +1 pair of boots
Stlth  ++........               V - amulet of magic regeneration
                                U - ring "Qotaec" {rF+ rN+ MR+ Str+4}
                                y - ring of Ejothez {MR++ MP+9}

@: about to teleport, flying, delayed fireball, slow
A: no striking features
a: Renounce Religion, Release Delayed Fireball
}: 1/15 runes: serpentine


You were on level 3 of the Shoals.
You worshipped Vehumet.
Vehumet was exalted by your worship.
You were hungry.

You visited 7 branches of the dungeon, and saw 30 of its levels.
You also visited: Ice Cave.

You collected 2747 gold pieces.
You spent 2366 gold pieces at shops.

Inventory:

Hand Weapons
 i - the +8 whip "Snakebite" {curare, rPois}
   (You found it on level 3 of the Elven Halls)

   It poisons the flesh of those it strikes.
   It protects you from poison.
 z - a +4 rapier of protection
Armour
 g - a +1 robe of magic resistance
 p - the -2 pair of gloves of Tempters (worn) {rPois Regen+ Str+5 Dex-2}
   (You found it on level 6 of the Dungeon)

   It affects your strength (+5).
   It affects your dexterity (-2).
   It protects you from poison.
   It increases your rate of regeneration.
 A - a +3 leather armour of cold resistance (worn)
 G - the +3 hat of Pondering (worn) {ponderous, MR+ MP+10 Int+5}
   (You took it off Gastronok on level 2 of the Lair of Beasts)

   It affects your intelligence (+5).
   It affects your resistance to hostile enchantments.
   It affects your magic capacity (+10).
 I - the +2 cloak of the Moon (worn) {MP+9 SInv}
   (You found it on level 2 of the Lair of Beasts)

   It affects your magic capacity (+9).
   It lets you see invisible.
 N - a troll hide
 O - a +1 pair of boots (worn)
 R - a +0 buckler (worn)
 S - the +2 scale mail of Shielding {Regen+}
   (You found it on level 3 of the Lair of Beasts)

   It increases your rate of regeneration.
Magical Staves
 a - an uncursed staff of power
 b - an uncursed staff of fire (weapon)
Jewellery
 s - a +5 amulet of reflection
 y - the ring of Ejothez (left hand) {MR++ MP+9}
   (You bought it in a shop on level 1 of the Orcish Mines)

   [ring of magical power]

   It affects your resistance to hostile enchantments.
   It affects your magic capacity (+9).
 C - an uncursed ring of fire
 U - the ring "Qotaec" (right hand) {rF+ rN+ MR+ Str+4}
   (You bought it in a shop on level 1 of the Orcish Mines)

   [ring of protection from fire]

   It affects your strength (+4).
   It protects you from fire.
   It protects you from negative energy.
   It affects your resistance to hostile enchantments.
 V - an amulet of magic regeneration (around neck)
 X - an uncursed ring of resist corrosion
Wands
 e - a wand of disintegration (15/24)
 x - a wand of enslavement (7/24)
 B - a wand of disintegration (12/24)
 L - a wand of digging (14/24)
Scrolls
 h - a scroll of fear
 l - a scroll of blinking
 o - a scroll of enchant weapon
 q - a scroll of identify
 r - 2 scrolls of immolation
 w - 5 scrolls of teleportation
 D - 3 scrolls of amnesia
 F - 5 scrolls of remove curse
 J - 2 scrolls of recharging
Potions
 j - a potion of flight
 k - 4 potions of cancellation
 m - 4 potions of agility
 n - 3 potions of brilliance
 u - 6 potions of mutation
 v - 3 potions of might
 E - 4 potions of cure mutation
 M - a potion of lignification
 W - 6 potions of curing
Miscellaneous
 d - a phial of floods
Comestibles
 c - 9 bread rations
 f - 5 beef jerkies
 t - 10 meat rations
 Y - 4 fruits


   Skills:
 - Level 5.1 Fighting
 - Level 7.2 Dodging
 - Level 2.4 Stealth
 - Level 6.0 Shields
 + Level 21.3 Spellcasting
 + Level 19.4 Conjurations
 - Level 10.0 Charms
 + Level 5.3 Necromancy
 - Level 3.7 Translocations
 + Level 17.6 Fire Magic


You had 8 spell levels left.
You knew the following spells:

 Your Spells              Type           Power        Failure   Level  Hunger
a - Magic Dart            Conj           ####         0%          1    None
b - Searing Ray           Conj           ######       0%          2    None
c - Iskenderun's Mystic   Conj           ########     0%          4    None
d - Iskenderun's Battles  Conj/Chrm      #######.     1%          5    None
e - Fireball              Conj/Fire      ########..   0%          5    None
f - Delayed Fireball      Conj/Fire      N/A          1%          7    None
g - Bolt of Fire          Conj/Fire      ########..   1%          6    None
h - Ring of Flames        Chrm/Fire      ########..   3%          7    None
i - Iron Shot             Conj/Erth      #######...   1%          6    None
j - Apportation           Tloc           ######....   1%          1    None
k - Blink                 Tloc           N/A          1%          2    None
l - Passage of Golubria   Tloc           N/A          1%          4    None
m - Passwall              Tmut/Erth      #####.....   1%          2    None
n - Animate Skeleton      Necr           N/A          1%          1    None
r - Regeneration          Chrm/Necr      ######....   1%          3    None


Dungeon Overview and Level Annotations

Branches:
Dungeon (10/15)            Temple (1/1) D:4            Lair (6/6) D:8
 Shoals (4/4) Lair:3        Snake (4/4) Lair:3        Slime (0/5) Lair:6
    Orc (2/2) D:9             Elf (3/3) Orc:2

Altars:
Ashenzari
Cheibriados
Dithmenos
Elyvilon
Fedhas
Gozag
Hepliaklqana
Kikubaaqudgha
Makhleb
Nemelex Xobeh
Okawaru
Qazlal
Ru
Sif Muna
Trog
Uskayaw
Vehumet
Xom
Yredelemnul
Zin
The Shining One
Beogh
Jiyva

Shops:
D:5 }([?%   Orc:1 =[*(=   Orc:2 ((?*}   Shoals:1 :

Annotations:
Shoals:3 Mara
Shoals:4 Ilsuiw


Message History

The satyr shoots an arrow.
The arrow hits you!!
You hear a splash.
Mara gestures.
There is a horrible, sudden wrenching feeling in your soul!
Mara blinks!
You see here an arrow.
PurpleRed's illusion points at you and mumbles some strange words.
The fireball explodes!
The fireball engulfs you! You resist.
You hear a shout!
Press: ? - help, v - describe, . - travel
Here: PurpleRed's illusion, wielding a weapon of flaming (summoned) Some shallow water.
As you read the scroll of fog, it crumbles to dust.
The scroll dissolves into smoke.
Mara blinks!
PurpleRed's illusion points at you and mumbles some strange words.
The orb of energy hits you!
* * * LOW HITPOINT WARNING * * *
As you read the scroll of teleportation, it crumbles to dust.
You feel strangely unstable.
The satyr shoots an arrow.
The arrow hits you!!
You die...

≈≈≈≈≈≈≈≈≈..@≈...≈≈≈≈≈≈≈....R
≈≈≈≈≈≈≈≈≈≈(≈≈≈≈≈≈≈≈≈≈≈≈≈≈≈≈≈
§≈≈≈≈≈≈≈...@≈≈≈≈≈≈≈≈≈≈≈≈≈≈≈≈
≈≈≈≈..≈(§^.≈≈≈≈≈≈≈≈≈≈≈≈≈≈≈≈≈
))§≈c≈≈≈§≈§≈≈≈≈≈≈≈≈≈≈≈≈≈≈≈..
c≈≈≈≈≈≈≈≈≈§≈≈≈≈≈≈≈≈≈≈≈≈≈..##
≈§≈≈≈≈≈≈≈≈§§§§≈≈≈≈≈≈≈≈≈≈.##
≈≈≈≈≈≈≈≈≈≈§§§§≈≈≈≈≈≈≈≈≈≈.##
≈≈≈≈≈≈≈≈§≈§@§§≈≈≈≈≈≈≈≈≈≈..#
≈≈≈≈≈≈≈≈§§§§§§≈≈≈≈≈≈≈≈≈≈≈.##
≈≈≈≈≈≈≈≈≈§§≈§§≈≈≈≈≈≈≈≈≈≈≈≈..
≈≈≈≈≈≈≈≈≈≈≈≈≈≈≈≈≈≈≈≈≈≈≈≈≈≈≈
≈≈≈≈≈≈≈≈≈≈≈≈≈≈≈≈≈≈≈≈≈≈≈≈≈≈
≈≈≈≈≈≈≈≈≈≈≈≈≈≈≈≈≈≈≈≈≈≈≈≈≈
≈≈≈≈≈≈≈≈≈≈≈≈≈≈≈≈≈≈≈≈≈≈≈≈≈
≈≈≈≈≈≈≈≈≈≈≈≈≈≈≈≈≈≈≈≈≈≈≈≈
≈≈≈≈≈≈≈≈≈≈


You could see a satyr.

Vanquished Creatures
  2 deep elf master archers (Elf:3)
  Polyphemus (Shoals:2)
  2 deep elf blademasters (Elf:3)
  Gastronok (Lair:2)
  The ghost of TheGoonsmith the Devastator, an adept GrFE of Vehumet (Snake:3)
  3 deep elf sorcerers (Elf:3)
  5 greater nagas (Snake:4)
  3 deep elf elementalists (Elf:3)
  An orc warlord (Elf:1)
  2 large abominations (Elf:3)
  2 deep elf demonologists (Elf:3)
  7 deep elf annihilators (Elf:3)
  2 blizzard demons (IceCv)
  4 merfolk impalers
  A minotaur (Shoals:2)
  4 merfolk javelineers
  5 deep elf death magi (Elf:3)
  4 deep elf high priests (Elf:3)
  4 hydras
  18 naga warriors
  A peacekeeper (Elf:2)
  2 merfolk avatars
  4 catoblepae
  2 merfolk aquamancers (Shoals:4)
  An alligator snapping turtle (Shoals:4)
  2 anacondas
  4 dancing weapons
  17 death yaks
  2 satyrs
  9 deep elf knights
  2 ogre magi (Orc:2)
  2 shock serpents
  11 naga sharpshooters
  2 deep trolls (Orc:2)
  5 sea snakes
  15 orc knights
  7 harpies
  8 naga ritualists
  4 hill giants
  11 deep elf archers
  30 deep elf magi
  11 fauns
  11 mana vipers
  3 orc sorcerers
  4 griffons
  4 cyclopes
  2 manticores (Shoals:4)
  5 salamanders
  3 guardian serpents
  9 elephants
  2 torpor snails (Lair:6)
  25 naga magi
  5 sirens
  A water nymph (Shoals:3)
  4 spiny frogs
  3 ice statues
  14 black mambas
  8 komodo dragons
  An anaconda simulacrum (IceCv)
  7 ice devils (IceCv)
  3 rime drakes
  2 golden dragon simulacra (IceCv)
  8 trolls
  14 merfolk
  3 meliai (Shoals:2)
  A wind drake (Shoals:4)
  A boulder beetle (Lair:3)
  6 two-headed ogres (Orc:2)
  9 blink frogs (Lair:6)
  5 snapping turtles
  2 air elementals
  2 wyverns
  7 water elementals
  2 dire elephant simulacra (IceCv)
  2 vampire mosquitoes (D:9)
  58 yaks
  2 basilisks
  10 hippogriffs
  Menkaure (D:6)
  2 iron troll simulacra (IceCv)
  3 harpy simulacra (IceCv)
  2 wargs (Orc:1)
  32 nagas
  10 water moccasins
  Duvessa (D:6)
  19 orc warriors
  12 porcupines
  A sky beast (D:7)
  A black bear (D:9)
  25 ogres
  A phantom (D:9)
  3 centaurs (Lair:3)
  4 crocodiles
  3 wolves (Lair:3)
  10 giant frogs
  3 earth elementals
  A water moccasin zombie (D:9)
  Dowan (D:6)
  3 scorpions
  A killer bee (D:6)
  3 howler monkeys (D:9)
  3 crimson imps
  A giant frog zombie (D:4)
  13 orc wizards
  A giant frog skeleton (D:8)
  18 orc priests
  2 jellies
  A gnoll shaman (D:6)
  12 iguanas
  3 worker ants
  A worker ant zombie (D:8)
  3 adders
  3 gnolls (D:6)
  38 river rats
  2 adder skeletons (D:4)
  2 adder zombies (D:4)
  2 worms (D:6)
  7 giant geckos
  51 orcs
  2 giant cockroaches
  4 goblins
  4 hobgoblins
  8 jackals
  A kobold (D:1)
  3 quokkas
  A ball python skeleton (D:4)
  A giant gecko skeleton (D:5)
  A giant gecko zombie (D:4)
  2 giant newts
  3 jackal skeletons (D:4)
  2 quokka skeletons
  2 quokka zombies (D:4)
  3 rats
  A crawling corpse (Elf:3)
  A fungus (Lair:6)
  19 plants
835 creatures vanquished.

Vanquished Creatures (others)
  2 naga sharpshooters
  A centaur (Lair:3)
  A bush (Lair:6)
  5 fungi (Lair:6)
  18 plants
27 creatures vanquished.

Grand Total: 862 creatures vanquished

Notes
Turn   | Place    | Note
-------+----------+-------------------------------------------
     0 | D:1      | PurpleRed the Deep Elf Conjurer began the quest for the Orb.
     0 | D:1      | Reached XP level 1. HP: 10/10 MP: 6/6
     6 | D:1      | Noticed a redback
     9 | D:1      | Noticed a polar bear
     9 | D:1      | Noticed a water moccasin
    74 | D:1      | Reached XP level 2. HP: 15/15 MP: 0/8
    78 | D:1      | Learned a level 2 spell: Searing Ray
   166 | D:3      | Reached skill level 4 in Spellcasting
   166 | D:3      | Reached skill level 5 in Conjurations
   166 | D:3      | Reached XP level 3. HP: 10/19 MP: 0/10
   296 | D:3      | Reached XP level 4. HP: 16/24 MP: 2/12
   370 | D:3      | Found a faded altar of an unknown god.
   585 | D:5      | Entered Level 5 of the Dungeon
   666 | D:4      | Found a staircase to the Ecumenical Temple.
   685 | Temple   | Entered the Ecumenical Temple
   709 | Temple   | Became a worshipper of Vehumet
   833 | D:4      | Learned a level 4 spell: Iskenderun's Mystic Blast
   863 | D:4      | Reached skill level 5 in Spellcasting
   863 | D:4      | Reached XP level 5. HP: 24/28 MP: 5/14
   870 | D:4      | Learned a level 5 spell: Iskenderun's Battlesphere
   997 | D:4      | Reached skill level 1 in Charms
  1087 | D:5      | Found Godwic's Food Emporium.
  1219 | D:6      | Got a pair of ichor-stained gloves
  1226 | D:6      | Identified the cursed -2 pair of gloves of Tempters {rPois Regen+ Str+5 Dex-2} (You found it on level 6 of the Dungeon)
  1250 | D:5      | Found Nobyel's Weapon Emporium.
  1449 | D:5      | Found Egitut's Magic Scroll Boutique.
  1457 | D:5      | Bought 2 scrolls of identify for 44 gold pieces
  1460 | D:5      | Bought a scroll of identify for 22 gold pieces
  1462 | D:5      | Bought a scroll of teleportation for 33 gold pieces
  1462 | D:5      | Bought a scroll of identify for 22 gold pieces
  1571 | D:5      | Found Toudib's Antique Armour Emporium.
  1648 | D:4      | Reached XP level 6. HP: 4/32 MP: 8/16
  1784 | D:5      | Found Michein's Gadget Shoppe.
  1878 | D:6      | Reached * piety under Vehumet
  1878 | D:6      | Offered knowledge of Shock by Vehumet.
  2012 | D:6      | Noticed an orc warrior
  2019 | D:6      | Killed an orc warrior
  2019 | D:6      | Reached skill level 6 in Spellcasting
  2019 | D:6      | Reached XP level 7. HP: 36/36 MP: 8/18
  2025 | D:6      | Noticed Menkaure
  2063 | D:6      | Killed Menkaure
  2172 | D:6      | Noticed Duvessa
  2173 | D:6      | Noticed Dowan
  2180 | D:6      | Killed Dowan
  2282 | D:6      | Reached skill level 5 in Charms
  2429 | D:7      | Noticed a hippogriff
  2433 | D:7      | Reached skill level 7 in Spellcasting
  2433 | D:7      | Reached XP level 8. HP: 36/41 MP: 4/20
  2527 | D:7      | Offered knowledge of Freeze by Vehumet.
  2597 | D:8      | Found a shattered altar of Ashenzari.
  2605 | D:8      | Reached ** piety under Vehumet
  2699 | D:8      | Found a staircase to the Lair.
  2707 | D:8      | Reached skill level 8 in Spellcasting
  2782 | D:8      | Reached skill level 10 in Conjurations
  2812 | D:8      | Offered knowledge of Throw Frost by Vehumet.
  2819 | D:8      | Learned a level 5 spell: Fireball
  2827 | D:8      | Learned a level 7 spell: Delayed Fireball
  2837 | D:8      | Reached XP level 9. HP: 46/46 MP: 1/23
  2853 | D:8      | Reached skill level 1 in Fire Magic
  2887 | D:8      | Reached skill level 1 in Fighting
  2890 | D:8      | Reached skill level 9 in Spellcasting
  3042 | Lair:1   | Entered Level 1 of the Lair of Beasts
  3135 | D:9      | Reached *** piety under Vehumet
  3250 | D:10     | Entered Level 10 of the Dungeon
  3254 | D:10     | Reached skill level 10 in Spellcasting
  3303 | D:9      | Found a staircase to the Orcish Mines.
  3487 | D:8      | Offered knowledge of Throw Icicle by Vehumet.
  3545 | D:6      | You fall through a shaft!
  3570 | D:6      | Killed Duvessa
  3570 | D:6      | Reached XP level 10. HP: 43/52 MP: 16/26
  3703 | D:5      | Bought a faintly glowing leather armour for 217 gold pieces
  3882 | Lair:1   | Reached skill level 5 in Fire Magic
  4002 | Lair:1   | Identified the +0 leather armour of the Trees {rC+ Dex+3} (You bought it in a shop on level 5 of the Dungeon)
  4026 | Lair:1   | Reached **** piety under Vehumet
  4040 | Lair:1   | Reached skill level 11 in Spellcasting
  4071 | Lair:1   | Noticed a spiny frog
  4071 | Lair:1   | Noticed an eight-headed hydra
  4084 | Lair:1   | Killed an eight-headed hydra
  4090 | Lair:1   | Killed a spiny frog
  4109 | Lair:1   | Noticed a five-headed hydra
  4124 | Lair:1   | Killed a five-headed hydra
  4231 | Lair:2   | Noticed Gastronok
  4245 | Lair:2   | Killed Gastronok
  4245 | Lair:2   | Reached skill level 12 in Spellcasting
  4245 | Lair:2   | Reached XP level 11. HP: 56/56 MP: 9/29
  4262 | Lair:2   | Learned a level 6 spell: Bolt of Fire
  4270 | Lair:2   | Learned a level 7 spell: Ring of Flames
  4362 | Lair:2   | Got a pitted cloak
  4369 | Lair:2   | Identified the +2 cloak of the Moon {MP+9 SInv} (You found it on level 2 of the Lair of Beasts)
  4413 | Lair:2   | Offered knowledge of Bolt of Magma by Vehumet.
  4506 | Lair:3   | Found a staircase to the Snake Pit.
  4546 | Lair:3   | Reached skill level 13 in Spellcasting
  4584 | Lair:3   | Noticed a five-headed hydra
  4588 | Lair:3   | Killed a five-headed hydra
  4610 | Lair:3   | Reached ***** piety under Vehumet
  4705 | Lair:2   | Got a blackened large shield
  4709 | Lair:2   | Offered knowledge of Olgreb's Toxic Radiance by Vehumet.
  4826 | Lair:3   | Got a spiked scale mail
  4834 | Lair:4   | Reached XP level 12. HP: 62/62 MP: 31/31
  4945 | Lair:5   | Reached skill level 14 in Spellcasting
  4951 | Lair:6   | Entered Level 6 of the Lair of Beasts
  5053 | Lair:5   | Reached skill level 10 in Fire Magic
  5250 | Lair:6   | Reached skill level 5 in Dodging
  5291 | Lair:6   | Found a staircase to the Slime Pits.
  5293 | Lair:6   | Found a viscous altar of Jiyva.
  5333 | Lair:6   | Noticed a catoblepas
  5339 | Lair:6   | Killed a catoblepas
  5349 | Lair:6   | Noticed a death yak
  5380 | Lair:6   | Noticed a death yak
  5381 | Lair:6   | Noticed a death yak
  5395 | Lair:6   | Noticed a death yak
  5397 | Lair:6   | Killed a death yak
  5400 | Lair:6   | Killed a death yak
  5400 | Lair:6   | Killed a death yak
  5419 | Lair:6   | Killed a death yak
  5445 | Lair:6   | Noticed a death yak
  5445 | Lair:6   | Noticed a catoblepas
  5449 | Lair:6   | Killed a catoblepas
  5449 | Lair:6   | Reached XP level 13. HP: 72/72 MP: 13/33
  5577 | Lair:6   | Reached skill level 5 in Fighting
  5582 | Lair:6   | Reached skill level 15 in Spellcasting
  5865 | Lair:4   | Reached skill level 15 in Conjurations
  6034 | Lair:4   | Offered knowledge of Venom Bolt by Vehumet.
  6292 | Lair:3   | Reached skill level 16 in Spellcasting
  6367 | Lair:3   | Found a staircase to the Shoals.
  6520 | Orc:1    | Entered Level 1 of the Orcish Mines
  6621 | Orc:1    | Found Naurekypp's Jewellery Shoppe.
  6667 | Orc:1    | Bought the ring "Qotaec" {rF+ rN+ MR+ Str+4} for 753 gold pieces
  6726 | Orc:1    | Found Gojytud's Assorted Antiques.
  6747 | Orc:1    | Found Souman's Jewellery Boutique.
  6759 | Orc:1    | Found Raocw's Armour Boutique.
  6769 | Orc:2    | Entered Level 2 of the Orcish Mines
  6774 | Orc:2    | Found a staircase to the Elven Halls.
  6912 | Orc:1    | Found Koihe's Antique Weapon Boutique.
  7104 | Orc:2    | Found a roughly hewn altar of Beogh.
  7105 | Orc:2    | Offered knowledge of Iron Shot by Vehumet.
  7105 | Orc:2    | Reached XP level 14. HP: 78/78 MP: 36/36
  7191 | Orc:2    | Learned a level 6 spell: Iron Shot
  7198 | Orc:2    | Found Istral's Antique Weapon Emporium.
  7272 | Orc:2    | Found Metacw's Magic Scroll Emporium.
  7274 | Orc:2    | Found Heahoa's General Store.
  7282 | Orc:2    | Bought a scroll of identify for 22 gold pieces
  7286 | Orc:2    | Found Uxaxa's Antique Weapon Shoppe.
  7302 | Orc:2    | Found Vaifaosm's Gadget Emporium.
  7413 | Orc:2    | Bought 3 scrolls of identify for 66 gold pieces
  7416 | Orc:2    | Bought a scroll of fear for 38 gold pieces
  7422 | Orc:2    | Identified the cursed +0 large shield of Disguise {rC- rCorr Str+4} (You found it on level 2 of the Lair of Beasts)
  7432 | Orc:2    | Identified the +2 scale mail of Shielding {Regen+} (You found it on level 3 of the Lair of Beasts)
  7495 | Orc:1    | Bought the ring of Ejothez {MR++ MP+9} for 495 gold pieces
  7511 | Elf:1    | Entered Level 1 of the Elven Halls
  7537 | Elf:1    | Noticed an orc warlord
  7540 | Elf:1    | Killed an orc warlord
  7543 | Elf:1    | Reached skill level 17 in Spellcasting
  7713 | Elf:1    | Found a roughly hewn altar of Beogh.
  7876 | Elf:1    | Reached ****** piety under Vehumet
  7876 | Elf:1    | Reached skill level 10 in Charms
  8005 | Elf:2    | Reached XP level 15. HP: 42/82 MP: 38/38
  8005 | Elf:2    | Reached skill level 1 in Shields
  8019 | Elf:1    | Found a ruined silver gateway.
  8114 | Elf:3    | Entered Level 3 of the Elven Halls
  8415 | Elf:3    | Noticed a deep elf master archer
  8417 | Elf:3    | Killed a deep elf master archer
  8421 | Elf:3    | Offered knowledge of Conjure Ball Lightning by Vehumet.
  8421 | Elf:3    | Reached skill level 18 in Spellcasting
  8423 | Elf:3    | Noticed a deep elf sorcerer
  8458 | Elf:3    | Killed a deep elf sorcerer
  8612 | Elf:3    | Noticed a deep elf blademaster
  8614 | Elf:3    | Killed a deep elf blademaster
  8614 | Elf:3    | Reached skill level 5 in Shields
  8668 | Elf:3    | Noticed a deep elf sorcerer
  8674 | Elf:3    | Killed a deep elf sorcerer
  8689 | Elf:3    | Noticed a deep elf blademaster
  8708 | Elf:3    | Identified Sif Muna's Handbook of the Rocks and Air
  8711 | Elf:3    | Noticed a deep elf blademaster
  8718 | Elf:3    | Killed a deep elf blademaster
  8734 | Elf:3    | Identified the Tome of the Quantum Arsonist
  8742 | Elf:3    | Identified the Incunabulum of Assistive Enchantment
  8810 | Elf:3    | Learned a level 1 spell: Apportation
  8813 | Elf:3    | Learned a level 2 spell: Blink
  8818 | Elf:3    | Learned a level 4 spell: Passage of Golubria
  8828 | Elf:3    | Noticed a deep elf master archer
  8833 | Elf:3    | Killed a deep elf master archer
  8833 | Elf:3    | Reached XP level 16. HP: 87/87 MP: 28/40
  8893 | Elf:3    | Reached skill level 15 in Fire Magic
  9180 | Orc:1    | Bought a bone wand for 132 gold pieces
  9189 | Orc:1    | Bought a +0 pair of boots for 72 gold pieces
  9286 | D:8      | Learned a level 2 spell: Passwall
  9411 | Snake:1  | Entered Level 1 of the Snake Pit
  9450 | Snake:2  | Reached skill level 1 in Translocations
  9465 | Snake:3  | Reached skill level 19 in Spellcasting
  9561 | Snake:3  | Noticed TheGoonsmith's ghost (adept GrFE)
  9564 | Snake:3  | Killed TheGoonsmith's ghost
  9615 | Snake:3  | Offered knowledge of Freezing Cloud by Vehumet.
  9882 | Snake:4  | Entered Level 4 of the Snake Pit
  9895 | Snake:4  | Found a deep blue altar of Sif Muna.
 10305 | Snake:4  | Reached XP level 17. HP: 92/92 MP: 42/42
 10336 | Snake:4  | Reached skill level 20 in Spellcasting
 10500 | Snake:4  | Offered knowledge of Bolt of Cold by Vehumet.
 10765 | Snake:4  | Got a serpentine rune of Zot
 10956 | Shoals:1 | Entered Level 1 of the Shoals
 11098 | Shoals:1 | Learned a level 1 spell: Animate Skeleton
 11107 | Shoals:1 | Found Meperchui's Book Boutique.
 11147 | Shoals:1 | Bought a book of Necromancy for 450 gold pieces
 11151 | Shoals:1 | Learned a level 3 spell: Regeneration
 11187 | Shoals:2 | Noticed Polyphemus
 11195 | Shoals:2 | Killed Polyphemus
 11245 | Shoals:3 | Found Ohomuyn's Weapon Boutique.
 11272 | Shoals:4 | Entered Level 4 of the Shoals
 11279 | Shoals:4 | Noticed Ilsuiw
 11285 | Shoals:3 | Reached skill level 1 in Necromancy
 11398 | Shoals:3 | Noticed Mara
 11406 | Shoals:3 | Reached skill level 21 in Spellcasting
 11421 | Shoals:3 | Offered knowledge of Poison Arrow by Vehumet.
 11425 | Shoals:3 | Noticed PurpleRed's illusion
 11498 | Shoals:2 | Found a hide-covered altar of Uskayaw.
 11641 | Shoals:3 | Reached XP level 18. HP: 90/96 MP: 45/45
 11663 | Shoals:3 | Found a frozen archway.
 11672 | IceCv    | Entered an ice cave
 12044 | Shoals:4 | Reached skill level 5 in Necromancy
 12105 | Shoals:3 | Noticed PurpleRed's illusion
 12110 | Shoals:3 | Shot with an arrow by a satyr

Vault maps used:
D:1:      onia_arrival_zoo_common, minmay_tetromino_s4
D:3:      ecumenical_altar_1, minmay_guardbox
D:4:      serial_undead, serial_undead_b, serial_undead_e, serial_undead_e,
          serial_undead_c, serial_undead_b, serial_undead_b, first_bread,
          minmay_misc_feat_tower, kennysheep_another_room
D:5:      minmay_diamond_boxcup, serial_shops, shop, nicolae_shop_statue_plus,
          kennysheep_mini, nicolae_shop_trees, nicolae_shop_waterfront
D:6:      uniq_duvessa, uniq_crazy_yiuf_cottage, uniq_menkaure
D:8:      minmay_lair_entry_grove, hex_intersection, cheibrodos_ashenzari_chains
D:9:      david_orc_2
Temple:   nicolae_temple_the_god_donut
Lair:1:   minmay_stone_trees_small
Lair:2:   lemuel_ratsnest, grunt_megastairs_3, uniq_gastronok
Lair:3:   minmay_shoals_entry_centaurs, guppyfry_snake_entry_island
Lair:4:   beast_lair_carwin_large_3
Lair:6:   evilmike_catoblepas_cave, slime_altar_1, grunt_megastairs_2
Shoals:1: serial_shops, nicolae_shop_waterfront
Shoals:2: regret_index_shoals_crete, uniq_polyphemus
Shoals:3: serial_shops, nicolae_shop_temple_entry_statues_fountains,
          portal_ice_cave_entry_ice_statue_one, uniq_mara
Shoals:4: shoals_end_grunt_garden, shoals_ilsuiw_alternative
Snake:2:  uniq_louise
Snake:4:  snake_pit, basic_altar
Orc:1:    serial_shops, nicolae_shop_waterfront, shop_statue, shop, shop,
          nicolae_shop_waterfront, nicolae_orc_rich_vein
Orc:2:    st_orc_open, serial_shops, shop, minmay_orc_temple_b
Elf:1:    minmay_elf_arrival_summoners, serial_sigils,
          serial_sigils_hangedman_stare, serial_sigils_hangedman_shear,
          serial_sigils_hangedman_gut, serial_sigils_hangedman_scar,
          serial_sigils_hangedman_shear, special_room, mu_enter_wizlab_4,
          portal_desolation_entry_salt, grunt_ministairs_14,
          hangedman_research_electronics
Elf:2:    nicolae_elf_stone_circles
Elf:3:    minmay_elf_hall_quartered_circle
IceCv:    ice_cave_tombish

Skill      XL: |  1  2  3  4  5  6  7  8  9 10 11 12 13 14 15 16 17 18 |
---------------+-------------------------------------------------------+-----
Spellcasting   | 4 5 6 7 8 10 12 13 14 16 17 18 19 21 | 21.3
Conjurations   | 5 6 7 8 10 11 12 13 14 15 16 17 18 19 | 19.4
Charms         | 2 3 5 7 10 | 10.0
Fire Magic     | 4 7 9 10 12 13 14 16 17 | 17.6
Fighting       | 1 2 4 5 |  5.1
Dodging        | 3 6 7 |  7.2
Shields        | 6 |  6.0
Translocations | 3 |  3.7
Necromancy     | 3 5 |  5.3
Stealth        | |  2.4

Action                   |  1- 3 |  4- 6 |  7- 9 | 10-12 | 13-15 | 16-18 || total
-------------------------+-------+-------+-------+-------+-------+-------++-------
Melee: Club              |     4 |       |       |       |       |       ||     4
       Morningstar       |     5 |       |       |       |       |       ||     5
       Short sword       |       |    86 |       |       |       |       ||    86
       Falchion          |       |       |    14 |       |       |       ||    14
       Flail             |       |       |    34 |     1 |    27 |       ||    62
       Staff             |       |       |       |       |     4 |       ||     4
       Whip              |       |       |       |       |       |     1 ||     1
 Cast: Magic Dart        |    22 |    52 |   108 |   180 |   181 |   192 ||   735
       Searing Ray       |     3 |    17 |    12 |    15 |     8 |     1 ||    56
       Iskenderun's Batt |       |     1 |    25 |    40 |    50 |    47 ||   163
       Iskenderun's Myst |       |       |     2 |     4 |    12 |     2 ||    20
       Fireball          |       |       |       |    33 |   136 |   176 ||   345
       Bolt of Fire      |       |       |       |     8 |    53 |    66 ||   127
       Delayed Fireball  |       |       |       |       |     2 |     2 ||     4
       Iron Shot         |       |       |       |       |     3 |     4 ||     7
       Ring of Flames    |       |       |       |       |     1 |    23 ||    24
       Blink             |       |       |       |       |       |     9 ||     9
       Regeneration      |       |       |       |       |       |    11 ||    11
       Passage of Golubr |       |       |       |       |       |     4 ||     4
 Abil: Release Delayed F |       |       |       |       |     2 |     1 ||     3
Evoke: Wand              |       |       |     2 |       |     3 |     1 ||     6
  Use: Scroll            |       |    15 |     6 |     8 |    12 |    12 ||    53
       Potion            |       |       |       |       |     5 |     4 ||     9
 Stab: Sleeping          |       |     3 |       |       |       |       ||     3
       Petrified         |       |       |       |       |       |     1 ||     1
  Eat: Chunk             |       |     3 |    11 |     9 |    15 |     5 ||    43
       Pizza             |       |       |       |       |       |     4 ||     4
       Royal jelly       |       |       |       |       |       |     1 ||     1
       Fruit             |       |       |       |       |       |     1 ||     1
Armor: Robe              |     1 |    20 |     2 |       |       |       ||    23
       Leather armour    |       |       |    15 |     6 |    22 |    39 ||    82
Dodge: Dodged            |    14 |    73 |    50 |    29 |    57 |   104 ||   327
Block: Other             |       |       |     4 |    14 |    10 |       ||    28
       Reflection        |       |       |       |       |     8 |    16 ||    24
       Buckler           |       |       |       |       |    13 |    62 ||    75
